 Dungeon Crawl Stone Soup version 0.31-a0-214-gb37851dbb3 (webtiles) character file.

Game seed: 2653400502314451942

13673 qw the Skirmisher (level 11, -8/104 HPs)
             Began as a Minotaur Hexslinger on July 1, 2023.
             Was an Elder of Okawaru.
             Mangled by a cyan very ugly thing (26 damage)
             ... on level 2 of the Abyss.
             The game lasted 00:04:23 (11196 turns).

qw the Skirmisher (Minotaur Hexslinger)            Turns: 11196, Time: 00:04:24

Health: -8/104     AC: 10    Str: 13    XL:     11   Next: 78%
Magic:  12/14      EV: 20    Int: 10    God:    Okawaru [****..]
Gold:   403        SH:  0    Dex: 17    Spells: 11/12 levels left

rFire   + . .        c - +0 shortbow
rCold   + . .        (shield currently unavailable)
rNeg    + . .        q - +2 robe {rC+ rF+}
rPois   .            (helmet restricted)
rElec   .            (no cloak)
rCorr   .            d - +3 pair of gauntlets of War {Slay+5}
SInv    .            s - +0 pair of boots
Will    .....        (no amulet)
Stlth   +++          k - ring of positive energy
HPRegen 0.37/turn    (no ring)
MPRegen 0.14/turn

%: no passive effects
@: about to teleport, heroic
A: horns 2, retaliatory headbutt
a: Renounce Religion, Heroism, Finesse


You were on level 2 of the Abyss.
You worshipped Okawaru.
Okawaru was greatly pleased with you.
You visited 2 branches of the dungeon, and saw 12 of its levels.
You visited the Abyss 1 time.
You also visited: Sewer.

You collected 766 gold pieces.
You spent 363 gold pieces at shops.


Innate Abilities, Weirdness & Mutations

You have a pair of horns on your head.
You reflexively headbutt those who attack you in melee.


   Skills:
 - Level 12.0(17.0) Fighting
 - Level 14.0(19.0) Ranged Weapons
 - Level 4.3(9.3) Armour
 + Level 8.6(13.6) Dodging
 - Level 1.0 Spellcasting
 - Level 2.0 Hexes
 + Level 5.6 Invocations


You had 11 spell levels left.
You knew the following spells:

 Your Spells              Type           Power      Damage    Failure   Level
a - Slow                  Hex            16%        N/A       16%         1

Your spell library contained the following spells:

 Spells                   Type           Power      Damage    Failure   Level
 Inner Flame              Hex/Fire       2%         N/A       56%         3
 Portal Projectile        Hex/Tloc       4%         N/A       56%         3
 Cause Fear               Hex            2%         N/A       83%         4

Inventory:

Hand Weapons
 c - a +0 shortbow (weapon)
Armour
 a - a +0 troll leather armour
 d - the +3 pair of gauntlets of War (worn) {Slay+5}
   (You found it on level 3 of the Dungeon)

   Slay:      It affects your accuracy & damage with ranged weapons and melee
   (+5).
 l - the +2 pair of gloves of Xifief {rF+ Str+3}
   (You found it on level 4 of the Dungeon)

   Str:       It affects your strength (+3).
   rF:        It protects you from fire.
 q - a +2 robe of resistance (worn)
 s - a +0 pair of boots (worn)
Jewellery
 k - a ring of positive energy (left hand)
 m - a ring of fire
 n - a ring of ice
Scrolls
 g - 6 scrolls of teleportation
 h - a scroll of identify
Potions
 b - a potion of might
 i - a potion of mutation
 j - 2 potions of enlightenment
 o - a potion of lignification {unknown}
 p - a potion of brilliance {unknown}
 r - a potion of degeneration {unknown}
 t - a potion of cancellation {unknown}

Dungeon Overview and Level Annotations

Branches:
Dungeon (11/15)            Temple (1/1) D:4            Lair (0/5) D:10
  Sewer (visited)
    Orc: D:9-12

Altars:
Ashenzari
Cheibriados
Dithmenos
Elyvilon
Fedhas
Gozag
Hepliaklqana
Kikubaaqudgha
Makhleb
Nemelex Xobeh
Okawaru
Qazlal
Ru
Sif Muna
Trog
Uskayaw
Vehumet
Wu Jian
Xom
Yredelemnul
Zin
The Shining One

Shops:
D:4 ?[?[   D:7 =(**:

Annotations:
D:4 3 runed translucent doors, qw's ghost, amateur GrFi
D:7 1 runed translucent door, Crazy Yiuf
D:9 Harold


Message History

You destroy the starcursed mass!
Okawaru accepts your kill. A chorus of shrieks assaults your mind.
11187 ||| READING 7 scrolls of teleportation.
As you read the scroll of teleportation, it crumbles to dust.
You feel strangely unstable.
You feel the power of the Abyss delaying your translocation!
A chorus of shrieks assaults your mind.
You shoot an arrow. The arrow hits the starcursed mass!
You destroy the starcursed mass!
Okawaru accepts your kill.
Your base Fighting skill increases to level 12!
You shoot an arrow. The arrow hits the starcursed mass.
The starcursed mass is almost destroyed.
The starcursed mass shudders and is absorbed by its neighbour.
A starcursed mass splits.
You shoot an arrow. The arrow hits the starcursed mass.
The starcursed mass is almost destroyed.
The starcursed mass shudders and is absorbed by its neighbour.
You hear a horrible gurgling sound!
A cyan very ugly thing comes into view.
You shoot an arrow. The arrow hits the starcursed mass!!
You destroy the starcursed mass!
Okawaru is honoured by your kill.
You shoot an arrow.
The arrow hits the cyan very ugly thing.
The cyan very ugly thing is lightly wounded.
You shoot an arrow.
The arrow hits the cyan very ugly thing.
The cyan very ugly thing is lightly wounded.
You shoot an arrow.
The arrow hits the cyan very ugly thing!
The cyan very ugly thing is lightly wounded.
You shoot an arrow.
The arrow hits the cyan very ugly thing but does no damage.
The cyan very ugly thing is lightly wounded.
You shoot an arrow.
The arrow completely misses the cyan very ugly thing.
The cyan very ugly thing headbutts you. The cyan very ugly thing shocks you!!
You die...

.. '##
...##
...##
#...##
....#
#u..#.#
#@..'#
#...##
##..#
_## ##


You could see a cyan very ugly thing.

Vanquished Creatures
  A great orb of eyes (Abyss:2)
  4 two-headed ogres
  Pikel (D:6)
  An ugly thing (D:9)
  A cyclops (D:9)
  Joseph (D:8)
  A smoke demon (Abyss:2)
  A hornet (D:9)
  3 trolls
  Grinder (D:4)
  Prince Ribbit (D:7)
  A shadow (D:11)
  2 wyverns (D:9)
  3 starcursed masses (Abyss:2)
  7 yaks (D:9)
  4 steam dragons
  2 wargs (D:10)
  Edmund (D:4)
  A water moccasin (D:8)
  6 orc warriors
  A black bear (D:6)
  An ogre (D:5)
  3 centaurs
  4 lemures (D:6)
  2 phantoms
  2 bullfrogs
  7 kobold brigands
  3 scorpions
  14 wights
  23 killer bees
  4 howler monkeys
  3 jellies
  5 orc priests
  4 hounds
  2 sleepcaps
  Ijyb (D:4)
  5 iguanas
  3 orc wizards
  A gnoll (D:1)
  13 adders
  3 river rats
  A shadow imp (D:3)
  A white imp (D:5)
  4 worms
  A dart slug (D:4)
  19 orcs
  16 ball pythons
  8 bats
  7 endoplasms
  10 giant cockroaches
  9 goblins
  6 hobgoblins
  5 quokkas
  A frilled lizard (D:2)
  13 kobolds
  13 rats
261 creatures vanquished.

Vanquished Creatures (others)
  A ball python zombie (Sewer)
1 creature vanquished.

Grand Total: 262 creatures vanquished

Notes
Turn   | Place    | Note
-------+----------+-------------------------------------------
     0 | D:1      | qw the Minotaur Hexslinger began the quest for the Orb.
     0 | D:1      | Reached XP level 1. HP: 16/16 MP: 1/1
     0 | D:1      | 0 ||| qw: Version: 0.3-a-32-g5962c71
     0 | D:1      | 0 ||| qw: Game counter: 7442
     0 | D:1      | 0 ||| qw: Melee chars always use a shield: true
     0 | D:1      | 0 ||| qw: God list: Okawaru
     0 | D:1      | 0 ||| qw: Allow faded altars: false
     0 | D:1      | 0 ||| qw: Do Orc after clearing Dungeon:15 true
     0 | D:1      | 0 ||| qw: Do second Lair branch before Depths: true
     0 | D:1      | 0 ||| qw: Lair rune preference: random
     0 | D:1      | 0 ||| qw: Goals: Normal
     0 | D:1      | 0 ||| PLANNING D:1-11
   311 | D:1      | Reached skill level 3 in Ranged Weapons
   329 | D:1      | Reached XP level 2. HP: 23/23 MP: 2/2
   888 | D:1      | Reached XP level 3. HP: 29/29 MP: 3/3
  1057 | D:1      | 1057 ||| DROPPING ring of magical power.
  1058 | D:1      | 1058 ||| READING scroll labelled SYIRHU TUEGUTA.
  1059 | D:1      | 1059 ||| READING scroll labelled PAT QUDUXOZ.
  1113 | D:1      | 1113 ||| READING scroll labelled ZUIQUTS NOONKO.
  1116 | D:1      | 1116 ||| READING scroll labelled SOLASAJ CUTEA.
  1117 | D:1      | 1117 ||| READING scroll labelled XYDIEB GAUDY.
  1118 | D:1      | 1118 ||| READING scroll labelled DUSUVU EMMOAT.
  1119 | D:1      | 1119 ||| DROPPING scroll of poison.
  1178 | D:2      | Found a stormy altar of Qazlal.
  1253 | D:2      | Reached skill level 4 in Ranged Weapons
  1468 | D:2      | Found a faded altar of an unknown god.
  1688 | D:2      | 1688 ||| READING scroll labelled MIDISK UGOCY.
  1689 | D:2      | 1689 ||| READING scroll labelled CIS SILIFUSUR.
  1690 | D:2      | 1690 ||| READING scroll labelled ZERO RUTACIEG.
  1691 | D:2      | 1691 ||| DRINKING 2 fizzy emerald potions.
  1807 | D:3      | Found the +3 pair of gauntlets of War {Slay+5}
  2026 | D:3      | Reached XP level 4. HP: 36/36 MP: 4/4
  2242 | D:3      | Reached skill level 5 in Ranged Weapons
  2451 | D:3      | 2451 ||| UPGRADING to +3 pair of gauntlets of War {Slay+5}.
  2456 | D:3      | 2456 ||| UPGRADING to +0 leather armour.
  2466 | D:3      | 2466 ||| DROPPING +0 robe.
  2478 | D:4      | 2478 ||| PLANNING SEWER
  2505 | D:4      | Found a staircase to the Ecumenical Temple.
  2507 | D:4      | Found Ixeug's Magic Scroll Emporium.
  2507 | D:4      | Noticed Ijyb
  2513 | D:4      | Killed Ijyb
  2514 | D:4      | Reached skill level 3 in Fighting
  2514 | D:4      | Reached XP level 5. HP: 45/45 MP: 5/5
  2527 | D:4      | 2527 ||| SHOPLISTING scroll of brand weapon (133 gold, have
                  | 120).
  2527 | D:4      | 2527 ||| BUYING scroll of enchant weapon (105 gold).
  2527 | D:4      | Bought a scroll of enchant weapon for 105 gold pieces
  2527 | D:4      | 2527 ||| SHOPLISTING scroll of identify (28 gold, have 15).
  2527 | D:4      | 2527 ||| SHOPLISTING scroll of teleportation (42 gold, have
                  | 15).
  2527 | D:4      | 2527 ||| READING scroll of enchant weapon.
  2527 | D:4      | 2527 ||| ENCHANTING +2 sling of chaos.
  2573 | D:4      | Noticed a phantom
  2579 | D:4      | Killed a phantom
  2651 | D:4      | Found Owote's Magic Scroll Shoppe.
  2656 | D:4      | 2656 ||| SHOPLISTING 2 scrolls of enchant armour (150 gold,
                  | have 18).
  2656 | D:4      | 2656 ||| SHOPLISTING 3 scrolls of teleportation (90 gold,
                  | have 18).
  2656 | D:4      | 2656 ||| SHOPLISTING scroll of identify (20 gold, have 18).
  2656 | D:4      | 2656 ||| SHOPLISTING scroll of teleportation (30 gold, have
                  | 18).
  2696 | D:4      | Reached skill level 6 in Ranged Weapons
  2710 | D:4      | Found a glowing drain.
  2711 | D:4      | 2711 ||| Stepping ~*~*~tactically~*~*~ (water).
  2713 | D:4      | 2713 ||| READING scroll labelled YTO BERPHIAD.
  2714 | D:4      | 2714 ||| READING 2 scrolls of identify.
  2714 | D:4      | 2714 ||| IDENTIFYING fuming pink potion
  2715 | D:4      | 2715 ||| DROPPING potion of magic.
  2721 | Sewer    | Entered a sewer
  2748 | Sewer    | Reached skill level 1 in Armour
  2767 | Sewer    | Reached XP level 6. HP: 48/52 MP: 6/6
  2981 | Sewer    | 2981 ||| Stepping ~*~*~tactically~*~*~ (water).
  3089 | Sewer    | 3089 ||| Stepping ~*~*~tactically~*~*~ (water).
  3127 | Sewer    | 3127 ||| Stepping ~*~*~tactically~*~*~ (water).
  3136 | Sewer    | Reached skill level 7 in Ranged Weapons
  3174 | Sewer    | 3174 ||| DRINKING 2 fizzy golden potions.
  3177 | Sewer    | 3177 ||| Stepping ~*~*~tactically~*~*~ (water).
  3298 | Sewer    | 3298 ||| Stepping ~*~*~tactically~*~*~ (water).
  3303 | Sewer    | Reached XP level 7. HP: 56/59 MP: 7/7
  3318 | Sewer    | 3318 ||| DRINKING 3 fuming amethyst potions.
  3339 | D:4      | 3339 ||| PLANNING TEMPLE
  3403 | Temple   | Entered the Ecumenical Temple
  3404 | Temple   | 3404 ||| PLANNING OKAWARU WORSHIP
  3518 | Temple   | Became a worshipper of Warmaster Okawaru
  3519 | Temple   | 3519 ||| PLANNING D:1-11
  3577 | D:4      | Noticed Grinder
  3589 | D:4      | Killed Grinder
  3590 | D:4      | Reached skill level 8 in Ranged Weapons
  3630 | D:4      | Identified the +2 pair of gloves of Xifief {rF+ Str+3}
  3642 | D:4      | Found a stormy altar of Qazlal.
  3644 | D:4      | Noticed an air elemental
  3645 | D:4      | Noticed a water elemental
  3645 | D:4      | Noticed a fire elemental
  3656 | D:4      | Found Sulaschopu's Armour Emporium.
  3660 | D:4      | 3660 ||| SHOPLISTING +2 ring mail of willpower (273 gold,
                  | have 47).
  3684 | D:4      | Noticed Edmund
  3694 | D:4      | Killed Edmund
  3855 | D:4      | Found Teeruor's Armour Emporium.
  3858 | D:4      | 3858 ||| BUYING +0 ring mail (48 gold).
  3858 | D:4      | Bought a +0 ring mail for 48 gold pieces
  3858 | D:4      | 3858 ||| SHOPLISTING +3 ring mail of fire resistance (312
                  | gold, have 15).
  3974 | D:4      | Found a runed translucent gate.
  3974 | D:4      | Noticed qw's ghost (amateur GrFi)
  3975 | D:4      | Found a runed translucent gate.
  3976 | D:4      | Found a runed translucent gate.
  4064 | D:4      | 4064 ||| UPGRADING to +0 ring mail.
  4074 | D:4      | 4074 ||| DROPPING +0 leather armour.
  4075 | D:4      | 4075 ||| DROPPING amulet of magic regeneration.
  4076 | D:4      | 4076 ||| READING scroll labelled VUMAUB VUIRUEH.
  4077 | D:4      | 4077 ||| READING scroll labelled FOR DAEBBI.
  4096 | D:5      | Entered Level 5 of the Dungeon
  4102 | D:5      | 4102 ||| STAIRDANCE
  4244 | D:5      | Reached XP level 8. HP: 69/69 MP: 8/8
  4246 | D:5      | Reached * piety under Okawaru
  4275 | D:5      | 4275 ||| INVOKING Heroism.
  4421 | D:5      | 4421 ||| INVOKING Heroism.
  4488 | D:5      | Reached skill level 9 in Ranged Weapons
  4683 | D:5      | 4683 ||| READING 2 scrolls of identify.
  4683 | D:5      | 4683 ||| IDENTIFYING glowing dark potion
  4684 | D:5      | 4684 ||| DROPPING potion of attraction.
  4739 | D:6      | Found an opulent altar of Gozag.
  4763 | D:6      | Reached skill level 3 in Dodging
  4855 | D:6      | Noticed Pikel
  4868 | D:6      | HP: 14/70 [Pikel/+0 whip of electrocution (16)]
  4869 | D:6      | 4869 ||| READING 6 scrolls of teleportation.
  4870 | D:6      | 4870 ||| DRINKING 2 potions of heal wounds.
  5053 | D:6      | Reached skill level 6 in Fighting
  5224 | D:6      | Reached skill level 1 in Invocations
  5420 | D:6      | 5420 ||| INVOKING Heroism.
  5432 | D:6      | Killed Pikel
  5433 | D:6      | Reached skill level 10 in Ranged Weapons
  5433 | D:6      | Reached skill level 3 in Invocations
  5433 | D:6      | Reached XP level 9. HP: 53/75 MP: 7/10
  5539 | D:6      | Reached ** piety under Okawaru
  5558 | D:6      | 5558 ||| INVOKING Heroism.
  5764 | D:6      | 5764 ||| READING scroll labelled ZEZXUCRORPH.
  5879 | D:7      | Identified the +0 long sword "Oxaosch" {freeze, rElec SInv}
  5943 | D:7      | Found Syapt's Book Boutique.
  5948 | D:7      | Noticed a two-headed ogre
  5949 | D:7      | 5949 ||| INVOKING Heroism.
  5955 | D:7      | Killed a two-headed ogre
  5995 | D:7      | Found Lyuroch's General Store.
  5996 | D:7      | Found a glowing golden altar of the Shining One.
  6004 | D:7      | 6004 ||| SHOPLISTING 3 scrolls of enchant weapon (315 gold,
                  | have 210).
  6006 | D:7      | Found Ylieh's Assorted Antiques.
  6013 | D:7      | 6013 ||| BUYING blackened silver ring (105 gold).
  6013 | D:7      | Bought a blackened silver ring for 105 gold pieces
  6013 | D:7      | 6013 ||| BUYING jade ring (105 gold).
  6013 | D:7      | Bought a jade ring for 105 gold pieces
  6013 | D:7      | Found Zenlomel's Antique Weapon Boutique.
  6019 | D:7      | Found Xiczot's Jewellery Shop.
  6046 | D:7      | 6046 ||| SHOPLISTING +6 ring of dexterity (432 gold, have
                  | 31).
  6046 | D:7      | 6046 ||| SHOPLISTING ring "Moam" {MP+9 Str+2 Int+6 Dex+2}
                  | (843 gold, have 31).
  6046 | D:7      | 6046 ||| SHOPLISTING ring of fire (300 gold, have 31).
  6046 | D:7      | 6046 ||| SHOPLISTING ring of resist corrosion (240 gold,
                  | have 31).
  6057 | D:7      | 6057 ||| INVOKING Heroism.
  6060 | D:7      | 6060 ||| Stepping ~*~*~tactically~*~*~ (cloud).
  6065 | D:7      | 6065 ||| Stepping ~*~*~tactically~*~*~ (cloud).
  6155 | D:7      | Found a glowing silver altar of Zin.
  6155 | D:7      | Found a hazy altar of Hepliaklqana.
  6169 | D:7      | Reached skill level 11 in Ranged Weapons
  6247 | D:7      | Noticed Prince Ribbit
  6248 | D:7      | 6248 ||| UPGRADING to ring of positive energy.
  6249 | D:7      | 6249 ||| DRINKING 2 inky potions.
  6253 | D:7      | 6253 ||| INVOKING Heroism.
  6260 | D:7      | Killed Prince Ribbit
  6271 | D:7      | 6271 ||| DROPPING potion of ambrosia.
  6446 | D:7      | Found a runed translucent door.
  6447 | D:7      | Noticed Crazy Yiuf
  6510 | D:7      | 6510 ||| READING 2 scrolls of identify.
  6510 | D:7      | 6510 ||| IDENTIFYING green potion
  6511 | D:7      | 6511 ||| DROPPING potion of berserk rage.
  6556 | D:8      | 6556 ||| STAIRDANCE
  6558 | D:7      | 6558 ||| INVOKING Heroism.
  6729 | D:8      | 6729 ||| STAIRDANCE
  6731 | D:7      | 6731 ||| INVOKING Heroism.
  6975 | D:8      | 6975 ||| INVOKING Heroism.
  6991 | D:8      | Reached XP level 10. HP: 26/90 MP: 10/12
  7181 | D:8      | 7181 ||| INVOKING Heroism.
  7182 | D:8      | 7182 ||| SWAPPING to +0 shortbow.
  7185 | D:8      | 7185 ||| Stepping ~*~*~tactically~*~*~ (cloud).
  7191 | D:8      | Reached skill level 12 in Ranged Weapons
  7205 | D:8      | 7205 ||| INVOKING Heroism.
  7320 | D:8      | 7320 ||| INVOKING Heroism.
  7344 | D:8      | 7344 ||| DROPPING +3 sling of chaos.
  7361 | D:8      | Noticed Joseph
  7364 | D:8      | 7364 ||| FLEEEEING.
  7365 | D:8      | 7365 ||| FLEEEEING.
  7366 | D:8      | 7366 ||| FLEEEEING.
  7367 | D:8      | 7367 ||| FLEEEEING.
  7368 | D:8      | 7368 ||| FLEEEEING.
  7369 | D:8      | 7369 ||| FLEEEEING.
  7374 | D:8      | 7374 ||| FLEEEEING.
  7375 | D:8      | 7375 ||| FLEEEEING.
  7380 | D:8      | 7380 ||| FLEEEEING.
  7381 | D:8      | 7381 ||| FLEEEEING.
  7388 | D:8      | 7388 ||| STAIRDANCE
  7453 | D:7      | 7453 ||| UPGRADING to +0 steam dragon scales.
  7463 | D:7      | 7463 ||| DROPPING +0 ring mail.
  7506 | D:8      | 7506 ||| STAIRDANCE
  7625 | D:8      | 7625 ||| STAIRDANCE
  7740 | D:8      | 7740 ||| STAIRDANCE
  7867 | D:8      | 7867 ||| STAIRDANCE
  7966 | D:8      | 7966 ||| STAIRDANCE
  8079 | D:8      | 8079 ||| STAIRDANCE
  8216 | D:8      | 8216 ||| STAIRDANCE
  8344 | D:8      | 8344 ||| STAIRDANCE
  8456 | D:8      | Found a blossoming altar of Fedhas.
  8484 | D:8      | Reached skill level 6 in Dodging
  8485 | D:8      | 8485 ||| FLEEEEING.
  8486 | D:8      | 8486 ||| FLEEEEING.
  8487 | D:8      | 8487 ||| FLEEEEING.
  8488 | D:8      | 8488 ||| FLEEEEING.
  8489 | D:8      | 8489 ||| FLEEEEING.
  8490 | D:8      | 8490 ||| FLEEEEING.
  8491 | D:8      | 8491 ||| FLEEEEING.
  8492 | D:8      | 8492 ||| FLEEEEING.
  8493 | D:8      | 8493 ||| INVOKING Heroism.
  8503 | D:8      | Killed Joseph
  8710 | D:8      | 8710 ||| INVOKING Heroism.
  9208 | D:9      | 9208 ||| INVOKING Heroism.
  9231 | D:9      | 9231 ||| INVOKING Heroism.
  9237 | D:9      | Reached skill level 13 in Ranged Weapons
  9237 | D:9      | 9237 ||| FLEEEEING.
  9238 | D:9      | 9238 ||| FLEEEEING.
  9239 | D:9      | 9239 ||| FLEEEEING.
  9240 | D:9      | 9240 ||| FLEEEEING.
  9241 | D:9      | 9241 ||| FLEEEEING.
  9242 | D:9      | 9242 ||| FLEEEEING.
  9255 | D:9      | Reached skill level 9 in Fighting
  9257 | D:9      | 9257 ||| FLEEEEING.
  9258 | D:9      | 9258 ||| FLEEEEING.
  9259 | D:9      | 9259 ||| FLEEEEING.
  9260 | D:9      | 9260 ||| FLEEEEING.
  9261 | D:9      | 9261 ||| FLEEEEING.
  9262 | D:9      | 9262 ||| FLEEEEING.
  9263 | D:9      | 9263 ||| FLEEEEING.
  9271 | D:9      | 9271 ||| FLEEEEING.
  9272 | D:9      | 9272 ||| FLEEEEING.
  9273 | D:9      | 9273 ||| FLEEEEING.
  9274 | D:9      | 9274 ||| FLEEEEING.
  9275 | D:9      | 9275 ||| FLEEEEING.
  9276 | D:9      | 9276 ||| FLEEEEING.
  9277 | D:9      | 9277 ||| FLEEEEING.
  9278 | D:9      | 9278 ||| FLEEEEING.
  9279 | D:9      | 9279 ||| FLEEEEING.
  9280 | D:9      | 9280 ||| FLEEEEING.
  9281 | D:9      | 9281 ||| FLEEEEING.
  9282 | D:9      | 9282 ||| FLEEEEING.
  9283 | D:9      | 9283 ||| FLEEEEING.
  9286 | D:9      | 9286 ||| STAIRDANCE
  9460 | D:9      | 9460 ||| INVOKING Heroism.
  9461 | D:9      | Noticed a two-headed ogre
  9480 | D:9      | 9480 ||| INVOKING Heroism.
  9483 | D:9      | Killed a two-headed ogre
  9483 | D:9      | Reached *** piety under Okawaru
  9484 | D:9      | Reached skill level 14 in Ranged Weapons
  9504 | D:9      | Reached XP level 11. HP: 76/97 MP: 13/13
  9515 | D:9      | 9515 ||| INVOKING Heroism.
  9544 | D:9      | 9544 ||| FLEEEEING.
  9545 | D:9      | 9545 ||| FLEEEEING.
  9546 | D:9      | 9546 ||| FLEEEEING.
  9547 | D:9      | 9547 ||| FLEEEEING.
  9548 | D:9      | 9548 ||| FLEEEEING.
  9549 | D:9      | 9549 ||| FLEEEEING.
  9550 | D:9      | 9550 ||| FLEEEEING.
  9558 | D:9      | 9558 ||| STAIRDANCE
  9775 | D:9      | 9775 ||| INVOKING Heroism.
  9786 | D:9      | Noticed a two-headed ogre
  9787 | D:9      | Noticed Harold
  9788 | D:9      | 9788 ||| Stepping ~*~*~tactically~*~*~ (outnumbered).
  9789 | D:9      | Noticed a white ugly thing
  9791 | D:9      | Noticed a five-headed hydra
  9800 | D:9      | Killed a two-headed ogre
  9801 | D:9      | 9801 ||| Stepping ~*~*~tactically~*~*~ (outnumbered).
  9801 | D:9      | HP: 4/99 [white ugly thing (35)]
  9802 | D:9      | 9802 ||| READING 7 scrolls of teleportation.
  9803 | D:9      | 9803 ||| DRINKING potion of heal wounds.
  9804 | D:9      | 9804 ||| INVOKING Heroism.
  9869 | D:9      | 9869 ||| INVOKING Heroism.
 10030 | D:9      | 10030 ||| INVOKING Heroism.
 10088 | D:9      | 10088 ||| INVOKING Heroism.
 10111 | D:9      | Killed a white ugly thing
 10122 | D:9      | 10122 ||| FLEEEEING.
 10212 | D:9      | 10212 ||| Stepping ~*~*~tactically~*~*~ (outnumbered).
 10217 | D:9      | 10217 ||| Stepping ~*~*~tactically~*~*~ (outnumbered).
 10286 | D:9      | Noticed a two-headed ogre
 10287 | D:9      | 10287 ||| INVOKING Heroism.
 10301 | D:9      | Killed a two-headed ogre
 10301 | D:9      | Reached **** piety under Okawaru
 10479 | D:9      | 10479 ||| INVOKING Heroism.
 10482 | D:9      | 10482 ||| READING 8 scrolls of teleportation.
 10596 | D:9      | You fall into a shaft and drop 2 floors!
 10630 | D:11     | 10630 ||| UPGRADING to +0 troll leather armour.
 10640 | D:11     | 10640 ||| DROPPING +0 steam dragon scales.
 10641 | D:11     | 10641 ||| UPGRADING to +2 robe of resistance.
 10651 | D:11     | 10651 ||| UPGRADING to +0 pair of boots.
 10656 | D:11     | 10656 ||| READING 3 scrolls of identify.
 10656 | D:11     | 10656 ||| IDENTIFYING viscous white potion
 10657 | D:11     | 10657 ||| READING 2 scrolls of identify.
 10657 | D:11     | 10657 ||| IDENTIFYING smoky pink potion
 10666 | D:10     | Entered Level 10 of the Dungeon
 10670 | D:10     | 10670 ||| INVOKING Heroism.
 10777 | D:10     | Identified the +11 glaive "Boc Cetuent" {flame, rF+ Str-4
                  | Int+6 Stlth+}
 10828 | D:10     | 10828 ||| INVOKING Heroism.
 10923 | D:10     | Found a staircase to the Lair.
 10975 | D:9      | Noticed a wizard
 10987 | Abyss:2  | Cast into level 2 of the Abyss (a wizard)
 11112 | Abyss:2  | Noticed a great orb of eyes
 11118 | Abyss:2  | 11118 ||| DRINKING potion of curing.
 11118 | Abyss:2  | 11118 ||| (to cure confusion)
 11120 | Abyss:2  | 11120 ||| INVOKING Heroism.
 11130 | Abyss:2  | Killed a great orb of eyes
 11133 | Abyss:2  | Found a corrupted altar of Lugonu.
 11165 | Abyss:2  | Noticed a starcursed mass
 11165 | Abyss:2  | 11165 ||| INVOKING Heroism.
 11185 | Abyss:2  | 11185 ||| INVOKING Heroism.
 11186 | Abyss:2  | Killed a starcursed mass
 11186 | Abyss:2  | HP: 26/104 [starcursed mass/accursed screaming (4)]
 11187 | Abyss:2  | 11187 ||| READING 7 scrolls of teleportation.
 11188 | Abyss:2  | Killed a starcursed mass
 11189 | Abyss:2  | Reached skill level 12 in Fighting
 11190 | Abyss:2  | Noticed a cyan very ugly thing
 11191 | Abyss:2  | Killed a starcursed mass
 11196 | Abyss:2  | HP: 18/104 [cyan very ugly thing (1)]
 11196 | Abyss:2  | Mangled by a cyan very ugly thing

Levels and vault maps discovered:
D:1:      minmay_arrival_four_circles, layout_basic, corexii_corridor_pit
D:2:      layout_basic, shapermc_ecumenical_altar_starsandcircs, basic_altar,
          chequers_serial_rivers_micro_b
D:3:      minmay_chambers_of_threes, layout_loops_ring
D:4:      layout_basic, nicolae_qazlal_style_of_elements,
          minmay_temple_entry_crystal_x, serial_shops, shop, shop,
          nicolae_shop_tiny_real_fake_doors, nicolae_square_shop,
          portal_sewer_entry_e, biasface_ghost_orc_armoury, uniq_grinder,
          uniq_edmund, uniq_ijyb
D:5:      layout_layer_cave
D:6:      layout_loops_ring, nicolae_gozag_cash_rules_everything_around_me,
          mrwooster_statue_mirror, kennysheep_generic_room_4, uniq_pikel
D:7:      layout_rooms, gammafunk_temple_overflow_pools,
          mainiacjoe_overflow_boulevard, serial_shops, shop,
          nicolae_diamond_shop, shop, shop, nicolae_shop_window_shopping,
          uniq_crazy_yiuf_cottage, uniq_prince_ribbit1
D:8:      layout_cave_pools, lemuel_crystal_altar, uniq_joseph
D:9:      minmay_the_grid_octo_tiled_octocenter [minmay_the_grid_octo_77,
          minmay_the_grid_octo_chip, minmay_the_grid_octo_clover,
          minmay_the_grid_octo_vomiting_pacman,
          minmay_the_grid_octo_prize_big_c, minmay_the_grid_square_5x5_spiral,
          minmay_the_grid_square_5x5_hourglass,
          minmay_the_grid_square_5x5_corner,
          minmay_the_grid_square_5x5_spiral_small], layout_loops_ring,
          gammafunk_ghost_spectres, uniq_harold
D:10:     layout_basic, erik_lair_orcish_takeover, enter_bailey_5
D:11:     layout_cave_pools
Temple:   kb_temple_of_zot
Abyss:2:  base:
D:9

Skill      XL: |  1  2  3  4  5  6  7  8  9 10 11 |
---------------+----------------------------------+-----
Ranged Weapons | 3 4 5 6 7 8 10 11 14 | 14.0
Fighting       | 2 3 4 5 6 8 9 12 | 12.0
Armour         | 1 2 4 |  4.3
Dodging        | 3 4 6 8 |  8.6
Invocations    | 3 4 5 |  5.6
Spellcasting   | |  1.0
Hexes          | |  2.0

Action                     |  1- 3 |  4- 6 |  7- 9 | 10-12 || total
---------------------------+-------+-------+-------+-------++-------
   Fire: Sling             |   114 |   123 |   244 |     3 ||   484
         Shortbow          |       |       |       |   446 ||   446
 Invoke: Heroism           |       |       |    10 |    22 ||    32
    Use: Scroll            |     9 |     3 |     6 |     5 ||    23
         Potion            |     1 |     1 |     3 |     2 ||     7
 Armour: Robe              |    11 |     4 |       |     4 ||    19
         Leather armour    |       |     2 |       |       ||     2
         Ring mail         |       |       |    55 |     7 ||    62
         Steam dragon scal |       |       |       |    31 ||    31
  Dodge: Dodged            |    31 |    32 |   107 |   158 ||   328

Table legend:
 A = Non-vault XP
 B = Vault XP
 C = Vault XP percentage of total XP
 D = Non-vault monster count
 E = Vault monster count
 F = Vault count percentage of total count
                 A         B        C        D         E       F
            +---------+---------+-------+---------+---------+-------
      Total |   10662 |    8872 |  45.4 |     169 |      88 |  34.2
            +---------+---------+-------+---------+---------+-------
        D:1 |      56 |       0 |   0.0 |      26 |       0 |   0.0
        D:2 |      20 |       0 |   0.0 |      12 |       0 |   0.0
        D:3 |      50 |      43 |  46.2 |      15 |      12 |  44.4
        D:4 |     192 |     487 |  71.7 |      11 |      11 |  50.0
        D:5 |     456 |       0 |   0.0 |      18 |       0 |   0.0
        D:6 |     656 |     663 |  50.3 |      12 |       1 |   7.7
        D:7 |    1912 |     264 |  12.1 |      17 |       1 |   5.6
        D:8 |    2042 |     460 |  18.4 |      26 |       1 |   3.7
        D:9 |    2406 |    5925 |  71.1 |      25 |      25 |  50.0
       D:10 |     307 |     622 |  67.0 |       1 |       9 |  90.0
       D:11 |     228 |       0 |   0.0 |       1 |       0 |   0.0
    Abyss:2 |    2337 |       0 |   0.0 |       5 |       0 |   0.0
      Sewer |       0 |     408 | 100.0 |       0 |      28 | 100.0
            +---------+---------+-------+---------+---------+-------
